 Dungeon Sprint DCSS version 0.28-a0-233-gb8ca4b6547 (webtiles) character file.

Game seed: 10987800414727706082

2510 tbh1313 the Carver (level 9, -2/90 HPs)
             Began as a Minotaur Berserker on Aug 22, 2021.
             Was a High Priest of Trog.
             Killed from afar by an orc sorcerer (23 damage)
             ... with a bolt of fire
             ... in the Dungeon (Sprint III: "The Ten Rune Challenge").
             The game lasted 00:03:54 (1071 turns).

tbh1313 the Carver (Minotaur Berserker)             Turns: 1071, Time: 00:03:54

Health: -2/90      AC: 10    Str: 21    XL:     9   Next: 28%
Magic:  8/8        EV: 14    Int:  7    God:    Trog [*****.]
Gold:   40         SH:  0    Dex: 11    Spells: 8/8 levels left

rFire   . . .      SeeInvis .   a - +0 falchion (vorpal)
rCold   . . .      Faith    .   (no shield)
rNeg    . . .      Spirit   .   p - +1 scale mail
rPois   .          Reflect  .   (helmet restricted)
rElec   .          Harm     .   (no cloak)
rCorr   .          Rampage  .   (no gloves)
Will    ++...      NoTele   +   (no boots)
Stlth   ..........              (no amulet)
HPRegen 1.25/turn               (no ring)
MPRegen 0.11/turn               (no ring)

@: mighty, strong-willed (expiring), on berserk cooldown, regenerating
(expiring), slowed, very slow
A: horns 2, retaliatory headbutt
a: Renounce Religion, Berserk, Trog's Hand, Brothers in Arms


You were in the Dungeon.
You worshipped Trog.
Trog was extremely pleased with you.
You visited 1 branch You collected 40 gold pieces.

Inventory:

Hand Weapons
 a - a +0 vorpal falchion (weapon)
Armour
 p - a +1 scale mail (worn)
Wands
 i - a wand of polymorph (5)
Scrolls
 h - a scroll of blinking
Potions
 c - 2 potions of curing
 f - 2 potions of magic
 g - 2 potions of berserk rage
 l - 3 potions of flight
 m - 4 potions of mutation


   Skills:
 - Level 12.0 Fighting
 + Level 14.3 Long Blades
 - Level 12.0 Armour
 - Level 12.0 Dodging


You had 8 spell levels left.
You didn't know any spells.
Your spell library contained the following spells:

 Spells                   Type           Power      Damage    Failure   Level
 Animate Skeleton         Necr           0%         N/A       71%         1
 Apportation              Tloc           0%         N/A       71%         1
 Corona                   Hex            0%         N/A       71%         1
 Summon Small Mammal      Summ           0%         N/A       71%         1


Dungeon Overview and Level Annotations

Branches:
Dungeon (1/1)

Altars:
Cheibriados
Dithmenos
Elyvilon
Fedhas
Gozag
Hepliaklqana
Kikubaaqudgha
Makhleb
Nemelex Xobeh
Okawaru
Qazlal
Ru
Sif Muna
Trog
Uskayaw
Vehumet
Wu Jian
Xom
Yredelemnul
Zin
The Shining One
Beogh
Jiyva
Lugonu


Innate Abilities, Weirdness & Mutations

You have a pair of horns on your head.
You reflexively headbutt those who attack you in melee.


Message History

You slash the orc high priest! You headbutt the orc high priest!!
The orc high priest is heavily wounded.
The orc priest barely misses you.
The orc high priest utters an invocation to Beogh.
You slash the orc high priest!
Your headbutt misses the orc high priest.
The orc high priest is severely wounded.
The orc sorcerer hits you but does no damage.
The orc priest completely misses you.
The orc high priest mumbles some strange prayers to Beogh against you.
Beogh smites you!
You slash the orc high priest!
You kill the orc high priest!
Trog accepts your kill.
The ynoxinul disappears in a puff of smoke!
The orc sorcerer points at you and mumbles some strange words.
The bolt of fire hits you!!
* * * LOW HITPOINT WARNING * * *
The orc priest misses you.
Training target 12.0 for Armour reached!
Your Armour skill gained 3 levels and is now at level 12!
You need to enable at least one skill for training.
You have reached level 9!
Your experience leads to an increase in your attributes!
Increase (S)trength, (I)ntelligence, or (D)exterity?
You feel clever.
You feel better.
The orc priest hits you from afar with a +0 trident.
* * * LOW HITPOINT WARNING * * *
You barely miss the orc. You headbutt the orc.
You kill the orc!
Trog accepts your kill.
You feel the effects of Trog's Hand fading.
The orc sorcerer completely misses you. You furiously retaliate!
You headbutt the orc sorcerer! The orc priest misses you.
You closely miss the orc sorcerer. You headbutt the orc sorcerer!
The orc sorcerer is heavily wounded.
The orc sorcerer casts a spell at you. The bolt of fire hits you!!
You die...

▓▓▓ ♣♣ ♣.############ #$
.♣ ♣♣.#___#___#__###$ ♣
..#...#__.#)_#$$. ♣♣♣
♣.###'#'###÷##$o
..♣♣♣.#..........#.o
≈.....'.⌠).....o@#.#
≈≈≈♣..#...######)#$#
≈≈....#.⌠.#__#.o.#o#####
≈.....#...#__#...#.o§≈≈+
......#'###__#...#.#≈≈≈#
......#.))#__#..)).#§§§#
......#___#__'...#.# .§#
▓▓▓▓▓▓▓▓▓▓▓▓▓▓▓▓▓▓▓▓ ▓▓


You could see an orc sorcerer and an orc priest.

Levels and vault maps discovered:
D:        dungeon_sprint_mu [sprint_mu_entry_forest, sprint_mu_temple_rooms,
          sprint_mu_d1_horrors, sprint_mu_d2_genie, sprint_mu_d3_branching,
          sprint_mu_orc_legion, sprint_mu_elf_gauntlet, sprint_mu_hive_nellie,
          sprint_mu_lair_fedhas, sprint_mu_vaults_butterflies,
          sprint_mu_slime_circle, sprint_mu_swamp_cave, sprint_mu_snake_twists,
          sprint_mu_blade_basic, sprint_mu_crypt_lich, sprint_mu_tomb_spiral,
          sprint_mu_vestibule_basic, sprint_mu_gehenna_hellfire,
          sprint_mu_dis_giant, sprint_mu_tartarus_statrot,
          sprint_mu_cocytus_islands, sprint_mu_zot1]

Notes
Turn   | Place    | Note
-------+----------+-------------------------------------------
     0 | D        | tbh1313 the Minotaur Berserker began the quest for the Orb.
     0 | D        | Reached XP level 1. HP: 19/19 MP: 0/0
     6 | D        | Reached skill level 4 in Long Blades
     7 | D        | Reached skill level 5 in Long Blades
    71 | D        | Noticed Jessica
    72 | D        | Reached ** piety under Trog
    80 | D        | Killed Jessica
    81 | D        | Reached skill level 8 in Long Blades
    81 | D        | Reached XP level 2. HP: 26/26 MP: 1/1
    81 | D        | Reached XP level 3. HP: 31/31 MP: 2/2
   163 | D        | Reached skill level 9 in Long Blades
   209 | D        | Noticed a water elemental
   212 | D        | Killed a water elemental
   212 | D        | Reached *** piety under Trog
   213 | D        | Reached skill level 11 in Long Blades
   213 | D        | Reached XP level 4. HP: 39/39 MP: 3/3
   247 | D        | Found a radiant altar of Vehumet.
   247 | D        | Found a shimmering blue altar of Sif Muna.
   247 | D        | Found an ancient bone altar of Kikubaaqudgha.
   247 | D        | Noticed a wizard
   249 | D        | Noticed a chaos spawn
   249 | D        | Killed a wizard
   250 | D        | Reached skill level 12 in Long Blades
   250 | D        | Reached XP level 5. HP: 45/45 MP: 4/4
   250 | D        | Noticed a red devil
   252 | D        | Reached **** piety under Trog
   267 | D        | Found a glowing silver altar of Zin.
   268 | D        | Found a glowing golden altar of the Shining One.
   268 | D        | Found a white marble altar of Elyvilon.
   268 | D        | Noticed a deep elf pyromancer
   276 | D        | HP: 1/45 [deep elf pyromancer/bolt of fire (23)]
   283 | D        | Killed a deep elf pyromancer
   284 | D        | Reached skill level 14 in Long Blades
   284 | D        | Reached XP level 6. HP: 3/70 MP: 5/5
   284 | D        | Reached XP level 7. HP: 4/77 MP: 6/6
   629 | D        | Found a hide-covered altar of Uskayaw.
   629 | D        | Found an iron altar of Okawaru.
   629 | D        | Found a bloodstained altar of Trog.
   629 | D        | Found an ornate altar of the Wu Jian Council.
   629 | D        | Noticed a human
   630 | D        | Noticed a human
   635 | D        | Killed a human
   639 | D        | Killed a human
   825 | D        | Found a basalt altar of Yredelemnul.
   825 | D        | Found a shadowy altar of Dithmenos.
   825 | D        | Found a sacrificial altar of Ru.
   831 | D        | Reached ***** piety under Trog
   842 | D        | Noticed a shadow
   845 | D        | Killed a shadow
   846 | D        | Reached skill level 10 in Dodging
   846 | D        | Reached XP level 8. HP: 83/83 MP: 7/7
   861 | D        | Found a blossoming altar of Fedhas.
   861 | D        | Found a stormy altar of Qazlal.
   862 | D        | Found a snail-covered altar of Cheibriados.
   862 | D        | Found a burning altar of Makhleb.
   862 | D        | Found a hazy altar of Hepliaklqana.
   862 | D        | Found a shimmering altar of Xom.
   862 | D        | Found an opulent altar of Gozag.
   862 | D        | Found a sparkling altar of Nemelex Xobeh.
   862 | D        | Found a corrupted altar of Lugonu.
   862 | D        | Found a viscous altar of Jiyva.
  1031 | D        | Noticed Erica
  1040 | D        | Noticed an orc high priest
  1041 | D        | Noticed an orc sorcerer
  1043 | D        | Received a gift from Trog
  1056 | D        | HP: 8/124 [Erica (19)]
  1057 | D        | Killed Erica
  1068 | D        | Killed an orc high priest
  1069 | D        | Reached XP level 9. HP: 12/90 MP: 8/8
  1071 | D        | Killed from afar by an orc sorcerer

Table legend: (Time is in decaauts)
 A = Elapsed time spent in this place.
 B = Non-inter-level travel time spent in this place.
 C = Inter-level travel time spent in this place.
 D = Time resting spent in this place.
 E = Time spent auto-exploring this place.
 F = Levels seen in this place.
 G = Mean time per level.
                   A        B        C        D        E       F      G
               +--------+--------+--------+--------+--------+-----+--------+
         Total |   1093 |   1093 |      0 |    766 |     64 |   1 | 1093.0 |
       Dungeon |   1093 |   1093 |      0 |    766 |     64 |   1 | 1093.0 |
               +--------+--------+--------+--------+--------+-----+--------+

Top non-repeatable levels by time:
       D: 1093 daAuts

Table legend:
 A = Kills in this place as a percentage of kills in entire the game.
 B = Kills by you in this place as a percentage of kills by you in the entire game.
 C = Kills by friends in this place as a percentage of kills by friends in the entire game.
 D = Other kills in this place as a percentage of other kills in the entire game.
 E = Experience gained in this place as a percentage of experience gained in the entire game.
 F = Experience gained in this place divided by the number of levels of this place that you have seen.
                   A       B       C       D       E      F
               +-------+-------+-------+-------+-------+----------------------
         Total | 100.0 | 100.0 |   N/A |   N/A | 100.0 | 3586.0
       Dungeon | 100.0 | 100.0 |   N/A |   N/A | 100.0 | 3586.0
               +-------+-------+-------+-------+-------+----------------------

Action                   |  1- 3 |  4- 6 |  7- 9 || total
-------------------------+-------+-------+-------++-------
Melee: Falchion          |    19 |    14 |    50 ||    83
       Headbutt          |     2 |     2 |    13 ||    17
Invok: Trog's Hand       |     1 |     1 |     1 ||     3
       Berserk           |     3 |     1 |     3 ||     7
  Use: Potion            |       |     1 |     3 ||     4
       Scroll            |       |       |     4 ||     4
 Stab: Sleeping          |     1 |       |       ||     1
Armor: Animal skin       |     1 |     1 |       ||     2
       Scale mail        |       |       |     5 ||     5
Dodge: Dodged            |     6 |     9 |    21 ||    36
       Rpst.: Falchion   |       |     3 |     5 ||     8

Vanquished Creatures
  Erica (D)
  An orc high priest (D)
  A deep elf pyromancer (D)
  A shadow (D)
  A spatial vortex (D)
  A necrophage (D)
  A water elemental (D)
  A jelly (D)
  A wizard (D)
  Jessica (D)
  A necromancer (D)
  3 humans (D)
  A kobold demonologist (D)
  A wolf (D)
  3 orcs (D)
  2 endoplasms (D)
  A rat (D)
22 creatures vanquished.

Vanquished Creatures (others)
  3 plants (D)
3 creatures vanquished.

Grand Total: 25 creatures vanquished
